 Dungeon Crawl Stone Soup version 0.31-a0-557-g6e16503903 (webtiles) character file.

Game seed: 14593956719721815027

11 Maratek the Shield-Bearer (level 2, -3/19 HPs)
             Began as a Gargoyle Fighter on Aug 16, 2023.
             Slain by a gnoll
             ... wielding a +2 flail of protection
              (5 damage)
             ... on level 1 of the Dungeon.
             The game lasted 00:00:44 (228 turns).

Maratek the Shield-Bearer (Gargoyle Fighter)         Turns: 228, Time: 00:00:44

Health: -3/19      AC:  9    Str: 19    XL:     2   Next: 25%
Magic:  2/2        EV:  9    Int:  8    God:
Gold:   2          SH:  4    Dex:  9    Spells: 1/1 levels left

rFire   . . .        a - +0 flail
rCold   . . .        c - +0 buckler
rNeg    + . .        b - +0 scale mail
rPois   ∞            (no helmet)
rElec   +            (no cloak)
rCorr   .            (no gloves)
SInv    .            (no boots)
Will    .....        (no amulet) Stlth
                     (no ring)
HPRegen 0.23/turn    (no ring)
MPRegen 0.08/turn

%: no passive effects
@: mighty
A: sickness immunity, AC +2, negative energy resistance 1, electricity
resistance, torment resistance 1, petrification resistance
a: no special abilities


You were on level 1 of the Dungeon.
You visited 1 branch of the dungeon, and saw 1 of its levels.

You collected 2 gold pieces.

Inventory:

Hand Weapons
 a - a +0 flail (weapon)
Armour
 b - a +0 scale mail (worn)
 c - a +0 buckler (worn)
Jewellery
 e - a ring of ice


   Skills:
 + Level 3.4 Fighting
 + Level 2.0 Maces & Flails
 + Level 3.6 Armour
 + Level 3.6 Shields


You had one spell level left.
You didn't know any spells.
Your spell library was empty.

Dungeon Overview and Level Annotations

Branches:
Dungeon (1/15)

Altars:


Innate Abilities, Weirdness & Mutations

You are immune to sickness and miasma.
Your stone body is resilient. (AC +2)
You are immune to poison.
You resist negative energy. (rN+)
You are resistant to electric shocks. (rElec)
You are resistant to unholy torment.
You are immune to petrification.


Message History

You hit the rat but do no damage. The rat bites you but does no damage.
You hit the rat but do no damage. You block the rat's attack.
You thump the rat!
You kill the rat!
e - a ring of ice A giant cockroach comes into view.
A giant cockroach is nearby!
The giant cockroach bites you but does no damage.
You block the giant cockroach's attack.
You hit the giant cockroach.
The giant cockroach is almost dead.
The giant cockroach bites you but does no damage.
You thump the giant cockroach!
You kill the giant cockroach!
A gnoll comes into view.
It is wielding a +2 flail of protection.
A gnoll is nearby!
A quokka comes into view.
A rat and a frilled lizard come into view.
The frilled lizard hisses angrily.
You hear a shout!
A kobold comes into view. It is wielding a +0 club.
You hear a shout!
You block the gnoll's attack.
You hit the gnoll but do no damage.
The gnoll hits you with a +2 flail of protection!
The frilled lizard barely misses you. The kobold hits you but does no damage.
The gnoll hits you with a +2 flail of protection!
* * * LOW HITPOINT WARNING * * *
The frilled lizard closely misses you. The kobold attacks as you move away!
The kobold hits you but does no damage. You block the frilled lizard's attack.
You feel very mighty all of a sudden. The frilled lizard bites you.
* * * LOW HITPOINT WARNING * * *
You completely miss the frilled lizard. The frilled lizard barely misses you.
You miss the frilled lizard. You block the frilled lizard's attack.
The quokka twitches its whiskers.
You sock the frilled lizard!
You kill the frilled lizard!
The gnoll hits you with a +2 flail of protection.
You die...

.. ######...
#.#####........
###....#.........
.........#....... #
#######.##.......
##.###### #.#####.##.
........# #.## #....
........### ###..# #....
#.....rKg@####....# #.##.
##.....r#.........# #....
#......######....#.....#.
#....... ####...#...#.
#......# ##...#.# #.
#......# ...##. #.
#####... .#.#. #. #### .#
#...####[ ...##...#..>


You could see a gnoll, a quokka, a kobold and a rat.

Vanquished Creatures
  A dart slug (D:1)
  A giant cockroach (D:1)
  A kobold (D:1)
  3 quokkas (D:1)
  2 frilled lizards (D:1)
  A rat (D:1)
9 creatures vanquished.

Notes
Turn   | Place    | Note
-------+----------+-------------------------------------------
     0 | D:1      | Maratek the Gargoyle Fighter began the quest for the Orb.
     0 | D:1      | Reached XP level 1. HP: 14/14 MP: 1/1
   103 | D:1      | Reached XP level 2. HP: 19/19 MP: 2/2
   228 | D:1      | Slain by a gnoll

Illustrated notes

Levels and vault maps discovered:
D:1:      lightli_arrival_lavapool, layout_rooms

Action                     || total
---------------------------++-------
  Melee: Flail             ||    34
    Use: Potion            ||     1
 Armour: Scale mail        ||    19
  Dodge: Dodged            ||    12
  Block: Buckler           ||     9

Table legend: (Time is in decaauts)
 A = Elapsed time spent in this place.
 B = Non-inter-level travel time spent in this place.
 C = Inter-level travel time spent in this place.
 D = Time resting spent in this place.
 E = Time spent auto-exploring this place.
 F = Levels seen in this place.
 G = Mean time per level.
                   A        B        C        D        E       F      G
               +--------+--------+--------+--------+--------+-----+--------+
         Total |    238 |    236 |      2 |      0 |    149 |   1 |  238.0 |
       Dungeon |    238 |    236 |      2 |      0 |    149 |   1 |  238.0 |
               +--------+--------+--------+--------+--------+-----+--------+

Top non-repeatable levels by time:
     D:1: 238 daAuts
